 Dungeon Crawl Stone Soup version 0.31.0-32-g396128a36d (webtiles) character file.

Game seed: 5430761229221591528

9258 Villent the Carver (level 11, -6/89 HPs)
             Began as a Human Berserker on Mar 19, 2024.
             Was a Priest of Trog.
             Mangled by a sun demon (illusionary) (19 damage)
             ... on level 9 of the Dungeon.
             The game lasted 00:35:57 (11991 turns).

Villent the Carver (Human Berserker)               Turns: 11991, Time: 00:35:58

Health: -6/89      AC: 29    Str: 29    XL:     11   Next: 43%
Magic:  11/11      EV: 11    Int:  8    God:    Trog [***...]
Gold:   204        SH:  0    Dex: 13    Spells: 10/10 levels left

rFire   . . .        j - +5 falchion (protect)
rCold   . . .        (no shield)
rNeg    . . .        r - +2 plate armour of Stoicism {Str+2}
rPois   .            q - +0 helmet
rElec   .            (no cloak)
rCorr   .            u - +0 pair of gloves
SInv    .            (no boots)
Will    ++...        (no amulet) Stlth
                     l - +4 ring of protection
HPRegen 1.34/turn    n - +6 ring of strength
MPRegen 0.12/turn

%: no passive effects
@: about to teleport, strong-willed, under a protective aura, on berserk
cooldown, regenerating, slowed, very slow
A: explore regen
a: Renounce Religion, Berserk, Trog's Hand


You were on level 9 of the Dungeon.
You worshipped Trog.
Trog was most pleased with you.
You visited 1 branch of the dungeon, and saw 9 of its levels.

You collected 646 gold pieces.
You spent 442 gold pieces at shops.

Inventory:

Hand Weapons
 j - a +5 falchion of protection (weapon)
Armour
 q - a +0 helmet (worn)
 r - the +2 plate armour of Stoicism (worn) {Str+2}
   (You bought it in a shop on level 7 of the Dungeon)

   Str+2:     It affects your strength (+2).
 u - a +0 pair of gloves (worn)
Jewellery
 l - a +4 ring of protection (left hand)
 n - a +6 ring of strength (right hand)
Wands
 a - a wand of flame (7)
 b - a wand of roots (14)
 c - a wand of mindburst (3)
 k - a wand of paralysis (8)
 s - a wand of polymorph (7)
Scrolls
 e - a scroll of teleportation
 f - 3 scrolls of fog
 m - a scroll of brand weapon
 v - a scroll of poison
Potions
 d - a potion of haste (quivered)
 h - a potion of resistance {unknown}
 i - a potion of brilliance
 p - a potion of mutation {unknown}


   Skills:
 + Level 9.3 Fighting
 + Level 9.4 Long Blades
 + Level 9.1 Armour
 + Level 9.1 Dodging


You had 10 spell levels left.
You didn't know any spells.
Your spell library contained the following spells:

 Spells                   Type           Power      Damage    Failure   Level
 Shock                    Conj/Air       0%         1d3       98%         1
 Cigotuvi's Dreadful Rot  Necr/Alch/Air  0%         N/A       99%         2
 Gell's Gravitas          Tloc           0%         N/A       100%        3
 Hailstorm                Conj/Ice       0%         3d5       100%        3
 Swiftness                Air            0%         N/A       100%        3
 Teleport Other           Tloc           0%         N/A       100%        3
 Airstrike                Air            0%         2d(0-16)  100%        4
 Vhi's Electric Charge    Tloc/Air       0%         N/A       100%        4
 Arcjolt                  Conj/Air       0%         1d10      100%        5
 Metabolic Englaciation   Hex/Ice        0%         N/A       100%        5
 Summon Forest            Summ/Tloc      0%         N/A       100%        5
 Dispersal                Tloc           0%         N/A       100%        6
 Eringya's Noxious Bog    Alch           0%         4d6       100%        6
 Summon Hydra             Summ           0%         N/A       100%        7
 Maxwell's Capacitive Co  Air            0%         ∞         100%        8


Dungeon Overview and Level Annotations

Branches:
Dungeon (9/15)             Temple (0/1) D:7            Lair (0/5) D:9
    Orc: D:9-12

Altars:
Cheibriados
Fedhas
Gozag
Okawaru
Trog
Uskayaw
Vehumet
Xom

Shops:
D:6 (   D:7 [   D:9 *

Portals:
Abyss: D:9

Annotations:
D:9 1 transporter, riffraff's ghost, journeyman HOFi


Innate Abilities, Weirdness & Mutations

You regain HP and MP as you explore.


Message History

You are exhausted.
You feel yourself slow down. Riffraff's ghost hits you!
Riffraff's ghost burns you. Riffraff's ghost barely misses you.
You hit riffraff's ghost.
Your weapon exudes an aura of protection.
Riffraff's ghost is lightly damaged.
Riffraff's ghost hits you but does no damage.
You hit riffraff's ghost.
Riffraff's ghost is lightly damaged.
Riffraff's ghost hits you but does no damage.
You hit riffraff's ghost but do no damage.
Riffraff's ghost is lightly damaged.
The sun demon hits you but does no damage.
Riffraff's ghost hits you! Riffraff's ghost burns you.
You hit riffraff's ghost.
Riffraff's ghost is lightly damaged.
The sun demon hits you but does no damage.
Riffraff's ghost hits you but does no damage.
The sun demon hits you but does no damage.
Riffraff's ghost hits you but does no damage.
You hit riffraff's ghost but do no damage.
Riffraff's ghost is lightly damaged.
The sun demon hits you.
You are engulfed in flames!
The rakshasa weaves an illusion.
The sun demon shimmers and seems to become two!
Riffraff's ghost hits you but does no damage.
You hit the sun demon.
The sun demon is lightly wounded.
The sun demon misses you.
The sun demon hits you but does no damage.
Riffraff's ghost hits you! Riffraff's ghost burns you.
The sun demon hits you but does no damage.
The sun demon hits you!
You are engulfed in flames!
* * * LOW HITPOINT WARNING * * *
As you read the scroll of teleportation, it crumbles to dust.
You feel strangely unstable. The sun demon hits you!
* * * LOW HITPOINT WARNING * * *
You are engulfed in flames!!
You die...

# ### ##################### #
#.######..##................
######.....................#####.
.........).................# #.
#####.#..)...####....###...# #.
#.#..)####R:##..##.##..## #.
#.#...#...9#[#.##.#?#©.)####.
#.....##.##W3###...##........
###....#####@3©...##...###...
#........####..###...# #...
#.........####.#.....# ###+
#....###..##...#.....# #.
#...##u##..#$#.##....# ##.
#..###.∩#.##....##...# #..
#..##.u.###.##9W.#...# ##.#
#...##h## . .###)##..###..#
##....#o# ###..u.©#..##..##


You could see a rakshasa, a toenail golem, 2 sun demons and riffraff's ghost.

Vanquished Creatures
  2 two-headed ogres (D:9)
  Maggie (D:6)
  A gargoyle (D:8)
  A komodo dragon (D:9)
  2 trolls (D:9)
  A hornet (D:9)
  A raiju (D:9)
  Sigmund (D:3)
  6 wyverns
  2 yaks (D:9)
  Eustachio (D:6)
  A basilisk (D:9)
  4 humans (D:7)
  4 steam dragons
  Menkaure (D:6)
  2 acid dragons (D:9)
  A water moccasin (D:8)
  2 sky beasts
  An ice beast (D:6)
  2 orc warriors (D:9)
  An ogre (D:7)
  2 centaurs (D:9)
  3 phantoms
  A kobold brigand (D:6)
  2 bullfrogs (D:7)
  2 gnoll sergeants
  3 scorpions
  4 wights (D:8)
  6 killer bees (D:9)
  9 howler monkeys
  2 bombardier beetles
  A jelly (D:3)
  5 orc priests
  8 hounds
  A gnoll bouda (D:4)
  Jessica (D:2)
  An iguana (D:5)
  A sleepcap (D:6)
  5 orc wizards
  23 gnolls
  6 adders
  2 shadow imps
  2 ufetubi (D:5)
  5 dart slugs
  2 ribbon worms (D:2)
  18 orcs
  9 ball pythons
  9 endoplasms
  5 giant cockroaches
  7 goblins
  6 hobgoblins
  7 jackals
  2 quokkas
  6 bats
  3 frilled lizards
  11 kobolds
  6 rats
224 creatures vanquished.

Notes
Turn   | Place    | Note
-------+----------+-------------------------------------------
     0 | D:1      | Villent the Human Berserker began the quest for the Orb.
     0 | D:1      | Reached XP level 1. HP: 18/18 MP: 1/1
   125 | D:1      | Reached XP level 2. HP: 22/24 MP: 2/2
   310 | D:1      | Reached XP level 3. HP: 29/29 MP: 3/3
   574 | D:1      | Reached ** piety under Trog
   949 | D:2      | Noticed Jessica
   961 | D:2      | Killed Jessica
   962 | D:2      | Reached XP level 4. HP: 4/35 MP: 4/4
  2043 | D:3      | Noticed Sigmund
  2058 | D:3      | Killed Sigmund
  2059 | D:3      | Reached XP level 5. HP: 42/42 MP: 5/5
  2059 | D:3      | Reached XP level 6. HP: 48/48 MP: 6/6
  2382 | D:3      | Found a bloodstained altar of Trog.
  2400 | D:3      | Got the Essays on Venomous Cryomancy
  3050 | D:3      | Reached XP level 7. HP: 13/55 MP: 7/7
  3433 | D:4      | Found a snail-covered altar of Cheibriados.
  3560 | D:4      | Found a radiant altar of Vehumet.
  4214 | D:5      | Entered Level 5 of the Dungeon
  4231 | D:5      | Reached skill level 5 in Long Blades
  4242 | D:5      | Reached skill level 5 in Fighting
  4304 | D:5      | Reached *** piety under Trog
  4305 | D:5      | Reached XP level 8. HP: 34/62 MP: 8/8
  4541 | D:5      | Found a blossoming altar of Fedhas.
  4698 | D:5      | Found a hide-covered altar of Uskayaw.
  4909 | D:5      | Reached skill level 5 in Armour
  4946 | D:5      | Reached skill level 5 in Dodging
  5064 | D:6      | Found Quelid's Antique Weapon Emporium.
  5210 | D:6      | Noticed Eustachio
  5230 | D:6      | Killed Eustachio
  5255 | D:6      | Found an opulent altar of Gozag.
  5464 | D:6      | Noticed Menkaure
  5473 | D:6      | Killed Menkaure
  5488 | D:6      | Reached XP level 9. HP: 48/69 MP: 9/9
  5929 | D:6      | Found an iron altar of Okawaru.
  5948 | D:6      | Noticed Maggie
  5959 | D:6      | Killed Maggie
  6230 | D:7      | Reached **** piety under Trog
  6511 | D:7      | Found a shimmering altar of Xom.
  6516 | D:7      | Found a shimmering altar of Xom.
  6517 | D:7      | Found a shimmering altar of Xom.
  6517 | D:7      | Found a shimmering altar of Xom.
  6517 | D:7      | Found a shimmering altar of Xom.
  6517 | D:7      | Found a shimmering altar of Xom.
  6523 | D:7      | Found a shimmering altar of Xom.
  6973 | D:7      | Found a staircase to the Ecumenical Temple.
  7329 | D:7      | Found Ippe's Armour Emporium.
  7337 | D:7      | Bought the +2 plate armour of Stoicism {Str+2} for 442 gold
                  | pieces
  7456 | D:7      | Reached XP level 10. HP: 61/79 MP: 10/10
  8210 | D:8      | Noticed a gargoyle
  8230 | D:8      | Killed a gargoyle
  9348 | D:9      | Paralysed by a hornet for 1 turns
  9432 | D:9      | Found Desk's Mayhem Merchandise.
  9446 | D:9      | Noticed a two-headed ogre
  9461 | D:9      | Killed a two-headed ogre
  9693 | D:9      | Noticed a two-headed ogre
  9705 | D:9      | Killed a two-headed ogre
  9988 | D:9      | Reached XP level 11. HP: 87/87 MP: 11/11
 10036 | D:9      | Noticed a purple very ugly thing
 10172 | D:9      | Noticed a sun demon
 10173 | D:9      | Found a one-way gate to the infinite horrors of the Abyss.
 10173 | D:9      | Noticed riffraff's ghost (journeyman HOFi)
 10176 | D:9      | Identified the +2 robe of Iprun {rC+}
 10176 | D:9      | Noticed a rakshasa
 10200 | D:9      | Found a transporter.
 10216 | D:9      | Found a transporter.
 11103 | D:9      | Found a staircase to the Lair.
 11991 | D:9      | Mangled by a sun demon (illusionary)

Illustrated notes

Levels and vault maps discovered:
D:1:      dpeg_arrival_line_fractal, layout_loops_ring
D:2:      layout_loops_corners, uniq_jessica
D:3:      layout_rooms, mainiacjoe_overflow_small_starburst, serial_forest,
          infiniplex_forest_lined_room_, infiniplex_forest_clump_small,
          infiniplex_forest_end_3, infiniplex_forest_straight_2,
          infiniplex_forest_join, chequers_hall_statues_corner_a,
          minmay_misc_feat_alley, nicolae_concentric_dashed_squares_mild,
          kennysheep_generic_room_3, uniq_sigmund
D:4:      layout_loops_ring, fiery_altar_vehumet, kennysheep_slug_shrine
D:5:      layout_cave_pools, old_standard_altar, fedhas_altar_2
D:6:      layout_gridville, mainiacjoe_overflow_alcove_2,
          mainiacjoe_overflow_chevrons, serial_shops, shop_statue,
          minmay_fractal_squares_5, uniq_menkaure, uniq_eustachio, uniq_maggie
D:7:      layout_layer_cave, xom_shifter_show, minmay_temple_entry_stoned_glass,
          serial_shops, shop, minmay_ruffians
D:8:      layout_basic, enter_bailey_7, item_on_display_a
D:9:      layout_basic, erik_lair_dragon, gammafunk_ghost_abyssal_escape,
          minmay_shop_mayhem, minmay_joined_circles

Skill      XL: |  1  2  3  4  5  6  7  8  9 10 11 |
---------------+----------------------------------+-----
Fighting       | 4 5 6 7 8 9 |  9.3
Long Blades    | 4 5 6 7 8 9 |  9.4
Armour         | 3 4 5 7 8 9 |  9.1
Dodging        | 3 4 5 7 8 9 |  9.1

Action                     |  1- 3 |  4- 6 |  7- 9 | 10-12 || total
---------------------------+-------+-------+-------+-------++-------
  Melee: Falchion          |    87 |   205 |   498 |   389 ||  1179
         Punch             |     1 |     3 |     6 |     7 ||    17
 Invoke: Berserk           |     1 |     2 |     5 |     8 ||    16
         Trog's Hand       |       |     2 |     5 |     7 ||    14
         Brothers in Arms  |       |       |       |     1 ||     1
  Evoke: Wand              |       |       |     1 |     1 ||     2
    Use: Scroll            |     6 |     7 |     6 |     5 ||    24
         Potion            |       |     2 |     6 |     3 ||    11
   Stab: Sleeping          |     2 |     2 |       |       ||     4
         Invisible         |       |       |       |     1 ||     1
 Armour: Animal skin       |    53 |    65 |       |       ||   118
         Plate armour      |       |   105 |   613 |   448 ||  1166
  Dodge: Dodged            |    60 |   115 |   274 |   257 ||   706
